 Dungeon Crawl Stone Soup version 0.25-a0-1073-gf4359a17dd (webtiles) character file.

Game seed: 9199818558326455840, levelgen mode: deterministic

5 Esekla the Magician (level 1, -3/11 HPs)
             Began as an Octopode Wizard on May 14, 2020.
             Slain by a leopard gecko (5 damage)
             ... on level 1 of the Dungeon.
             The game lasted 00:02:59 (406 turns).

Esekla the Magician (Octopode Wizard)                Turns: 406, Time: 00:03:00

Health: -3/11      AC:  1    Str:  6    XL:     1   Next: 80%
Magic:  0/4        EV: 13    Int: 20    God:
Gold:   0          SH:  0    Dex: 10    Spells: 5/6 levels left

rFire    . . .     SeeInvis .   i - +0 dagger
rCold    . . .     Gourm    .   (no shield)
rNeg     . . .     Faith    .   a - +0 hat
rPois    .         Spirit   .   (no amulet)
rElec    .         Reflect  .   (no ring)
rCorr    .         Harm     .   (no ring)
MR       .....                  (no ring)
Stlth    +++.......             (no ring)
HPRegen  0.03/turn              (no ring)
MPRegen  0.09/turn              (no ring)
                                (no ring)
                                (no ring)

@: no status effects
A: almost no armour, stealthy swim, amphibious, 8 rings, constrict 8, camouflage
1, gelatinous body 1
a: no special abilities


You were on level 1 of the Dungeon.
You were not hungry.

You visited 1 branch of the dungeon, and saw 1 of its levels.

Inventory:

Hand Weapons
 i - a +0 dagger (weapon)
Armour
 a - a +0 hat (worn)
Scrolls
 f - a scroll of teleportation {unknown}
 g - a scroll of blinking {unknown}
 h - a scroll of identify {unknown}
Potions
 b - a potion of curing {unknown}
 d - a potion of flight {unknown}
 e - 2 potions of invisibility {unknown}
Comestibles
 c - 2 rations


   Skills:
 * Level 2.0 Dodging
 - Level 2.6 Stealth
 * Level 3.3 Spellcasting
 + Level 1.0 Conjurations
   Level 1.0 Summonings
   Level 1.0 Translocations


You had 5 spell levels left.
You knew the following spells:

 Your Spells              Type           Power        Failure   Level  Hunger
a - Magic Dart            Conj           #...         9%          1    None

Your spell library contained the following spells:

 Spells                   Type           Power        Failure   Level  Hunger
 Blink                    Tloc           N/A          14%         2    ##.....
 Call Imp                 Summ           #.......     14%         2    ##.....
 Slow                     Hex            #.......     21%         2    ##.....
 Conjure Flame            Conj/Fire      #.......     32%         3    ###....
 Mephitic Cloud           Conj/Pois/Air  #.......     34%         3    ###....


Dungeon Overview and Level Annotations

Branches:
Dungeon (1/15)

Altars:


Innate Abilities, Weirdness & Mutations

You cannot wear most types of armour.
You are very stealthy in the water. (Stealth+)
You are amphibious.
You can wear up to eight rings at the same time.
You can use your tentacles to constrict eight enemies at once.
Your skin changes colour to match your surroundings (Stealth+).
Your rubbery body absorbs attacks. (AC +1, EV +1)


Message History

The magic dart hits the kobold.
You kill the kobold!
i - a +0 dagger (weapon)
You barely miss the leopard gecko. Your grab misses the leopard gecko.
The leopard gecko bites you.
You closely miss the leopard gecko. Your grab misses the leopard gecko.
The leopard gecko bites you.
You miss the leopard gecko. You grab the leopard gecko.
You constrict the leopard gecko. The leopard gecko bites you.
* * * LOW HITPOINT WARNING * * *
Casting: Magic Dart (safe; 9% risk of failure)
Confirm with . or Enter, or press ? or * to list all spells.
Aiming: Magic Dart (safe; 9% risk of failure)
Press: ? - help, Shift-Dir - straight line, f - leopard gecko
Aim: a leopard gecko (moderately wounded, constricted by you)
The magic dart hits the leopard gecko but does no damage.
The leopard gecko is moderately wounded.
You constrict the leopard gecko, but do no damage.
The leopard gecko bites you.
You die...

#.## ##.## ##.## ...#..#.##
##.# ..#...... ##)##
..#.#.... #.## # ..#.....#
##<# #.# #.)...>.# ###
.##.#.#####.......#
.......@l##.......#
##.##.#..#...........
######.......#..#.##......##
............................
###.####..####..#.##......##
#.###.........#.##....(.#
###.............#.##......#
.#######.##.###.#.##......#
## #.##.# #.#.##......#


You could see a leopard gecko.

Vanquished Creatures
  A bat (D:1)
  A goblin (D:1)
  A hobgoblin (D:1)
  A kobold (D:1)
4 creatures vanquished.

Notes
Turn   | Place    | Note
-------+----------+-------------------------------------------
     0 | D:1      | Esekla the Octopode Wizard began the quest for the Orb.
     0 | D:1      | Reached XP level 1. HP: 11/11 MP: 4/4
   406 | D:1      | Slain by a leopard gecko

Illustrated notes

Levels and vault maps discovered:
D:1:      nagdon_arrival_zigzag_paths, layout_basic, chequers_garden

Action                   || total
-------------------------++-------
Melee: Dagger            ||     3
       Constrict         ||     1
 Cast: Magic Dart        ||    13

Table legend:
 A = Non-vault XP
 B = Vault XP
 C = Vault XP percentage of total XP
 D = Non-vault monster count
 E = Vault monster count
 F = Vault count percentage of total count
                 A         B        C        D         E       F
            +---------+---------+-------+---------+---------+-------
      Total |       8 |       0 |   0.0 |       4 |       0 |   0.0
            +---------+---------+-------+---------+---------+-------
        D:1 |       8 |       0 |   0.0 |       4 |       0 |   0.0
            +---------+---------+-------+---------+---------+-------
